Map: NeoHumanity LE

Players

winzboy

  • Race: Terran Terran
  • League: Gold
  • Spawn Location: 11:00

젤리나졸 - Winner!

  • Race: Protoss Protoss
  • League: Silver
  • Spawn Location: 5:00

VOD

Have the link to the VOD?

Description

Time

  • Played on: May 31, 2023, 3:32 a.m.
  • Length: 12:39
Show
View Real Time Build Order
Export as new Build Order

winzboy Terran 

Build Orders:  

Get SALT Encoding   

  12  0:01  SCV  
  13  0:18  SCV, Supply Depot  
  14  0:30  SCV  
  15  0:43  SCV  
  15  0:45  Barracks  
  16  0:51  Refinery  
  16  0:55  SCV  
  17  1:07  SCV  
  18  1:19  SCV  
  19  1:31  SCV  
  20  1:43  Command Center  
  20  2:00  Barracks Reactor  
  20  2:01  Supply Depot  
  20  2:14  Orbital Command  
  20  2:17  Refinery  
  20  2:31  Factory  
  20  2:39  SCV  
  21  2:48  Marine x2  
  23  2:51  SCV  
  24  3:02  Barracks  
  24  3:04  SCV  
  25  3:06  Barracks, Marine x2  
  27  3:16  SCV  
  28  3:24  Marine x2  
  28  3:25  Factory Tech Lab  
  30  3:28  SCV  
  30  3:34  Starport  
  31  3:40  SCV x2  
  33  3:52  SCV x2  
  35  3:57  Supply Depot  
  35  4:02  Supply Depot  
  35  4:04  SCV x2  
  37  4:10  Barracks Tech Lab  
  37  4:11  Barracks Tech Lab  
  37  4:12  Marine x2  
  37  4:16  SCV x2  
  41  4:28  SCV x2  
  43  4:40  SCV  
  43  4:43  Factory Tech Lab  
  44  4:47  Marine, Medivac  
  44  4:48  Marine  
  44  4:50  Marauder x2  
  52  5:02  Stimpack  
  52  5:10  Supply Depot  
  52  5:11  Marine x2, Supply Depot, Marauder x2  
  52  5:12  SCV x2  
  60  5:16  Medivac  
  62  5:31  Marine x2, SCV x2  
  62  5:33  Marauder x2  
  62  5:35  Refinery  
  70  5:40  Refinery  
  70  5:41  Supply Depot  
  70  5:43  SCV x2, Supply Depot  
  70  5:46  Medivac  
  70  5:49  Marine x2  
  76  5:53  Marine  
  76  5:56  SCV  
  78  6:02  Marine  
  78  6:03  SCV  
  80  6:07  Marine  
  80  6:10  Supply Depot x2  
  81  6:13  Siege Tank  
  81  6:16  Medivac  
  86  6:19  Marine x2  
  88  6:26  Barracks  
  88  6:28  Barracks  
  88  6:29  Engineering Bay  
  88  6:34  Marine x2  
  88  6:36  Marine  
  91  6:46  SCV x2, Siege Tank  
  96  6:51  Supply Depot  
  96  6:52  Supply Depot  
  96  6:58  SCV  
  96  7:01  Marine x3  
  98  7:02  Marine  
  101  7:19  Marine x2  
  105  7:24  Barracks Tech Lab  
  105  7:33  Barracks Tech Lab  
  105  7:36  Marine  
  105  7:37  Marine x2  
  106  7:43  Siege Tank  
  109  7:45  Medivac  
  109  7:48  Marine x2  
  113  8:08  Supply Depot  
  113  8:09  Supply Depot  
  113  8:14  Command Center  
  113  8:15  Medivac, Siege Tank  
  113  8:18  Marine x2  
  120  8:32  Supply Depot  
  120  8:34  Marine x2  
  120  8:37  Supply Depot  
  122  8:47  Siege Tank  
  123  9:05  Marine x6  
  129  9:22  Marine  
  129  9:23  Marine x3  
  133  9:26  Marine  
  133  9:27  Marine  
  130  9:40  Marine x2  
  130  9:41  Marine x2  
  130  9:44  Marine x2  
  130  9:58  Marine x3  
  132  10:26  Marine  
  132  10:27  Marine x2  
  135  10:30  Marine x2  
  135  10:33  Siege Tank  
  135  10:35  Marine  
  141  10:44  Marine x2  
  141  10:45  Marine  
  144  10:57  Marine x3  
  144  11:02  Marine x3  
  142  11:05  Siege Tank  
  136  11:15  Marine x2  
  121  11:23  SCV  
  121  11:25  Marine x4  
  125  11:33  Marine x2  
  125  11:35  SCV  
  125  11:37  Siege Tank  
  115  11:47  SCV  
  91  12:01  Sensor Tower  
Show
View Real Time Build Order
Export as new Build Order

젤리나졸 Protoss - Winner!

Build Orders:  

Get SALT Encoding   

  12  0:46  Pylon  
  12  1:09  Gateway  
  12  1:11  Gateway  
  12  1:16  Assimilator  
  12  1:26  Nexus  
  12  1:32  Probe  
  13  1:44  Probe  
  14  1:56  Probe (Chrono Boost)  
  15  2:06  Probe (Chrono Boost)  
  16  2:11  Probe (Chrono Boost)  
  17  2:16  Cybernetics Core  
  17  2:23  Probe (Chrono Boost)  
  18  2:35  Probe (Chrono Boost)  
  19  2:43  Probe (Chrono Boost)  
  20  2:44  Pylon  
  20  2:49  Probe  
  21  2:54  Warp Gate  
  21  2:59  Adept  
  21  3:00  Adept  
  21  3:01  Probe  
  26  3:10  Assimilator  
  26  3:17  Shield Battery  
  26  3:24  Shield Battery  
  26  3:29  Pylon  
  26  3:43  Probe (Chrono Boost)  
  27  3:54  Probe (Chrono Boost), Pylon  
  28  3:59  Probe (Chrono Boost)  
  29  4:09  Probe  
  30  4:14  Robotics Facility  
  30  4:21  Probe  
  31  4:34  Probe  
  31  4:37  Nexus  
  32  4:41  Pylon  
  32  4:42  Pylon  
  32  4:50  Pylon  
  32  4:53  Probe (Chrono Boost)  
  33  5:02  Stalker  
  33  5:03  Probe (Chrono Boost)  
  33  5:04  Stalker  
  38  5:08  Probe (Chrono Boost)  
  38  5:10  Observer  
  40  5:18  Pylon  
  40  5:19  Probe  
  41  5:23  Pylon  
  41  5:31  Probe  
  41  5:33  Stargate  
  42  5:37  Stalker x2  
  46  5:50  Gateway  
  46  5:51  Gateway  
  46  5:59  Gateway x2  
  47  6:04  Probe (Chrono Boost)  
  47  6:16  Probe (Chrono Boost)  
  48  6:21  Probe (Chrono Boost)  
  48  6:23  Pylon  
  48  6:24  Pylon  
  49  6:27  Pylon  
  49  6:30  Probe  
  49  6:31  Pylon  
  50  6:33  Pylon  
  54  6:42  Probe  
  54  6:44  Void Ray  
  55  7:03  Forge, Protoss Air Weapons Level 1  
  55  7:07  Forge  
  55  7:10  Twilight Council  
  59  7:27  Void Ray  
  59  7:31  Robotics Bay  
  59  7:40  Assimilator  
  59  7:42  Assimilator  
  59  7:44  Pylon  
  59  7:49  Pylon  
  59  7:52  Probe (Chrono Boost)  
  60  8:02  Probe (Chrono Boost), Assimilator  
  60  8:04  Assimilator  
  61  8:07  Pylon  
  61  8:08  Probe (Chrono Boost)  
  61  8:12  Pylon  
  62  8:14  Probe (Chrono Boost)  
  64  8:24  Probe (Chrono Boost)  
  64  8:25  Probe (Chrono Boost)  
  65  8:30  Probe x2 (Chrono Boost)  
  71  8:36  Void Ray  
  71  8:41  Probe  
  72  8:42  Stargate  
  70  8:53  Probe  
  55  9:03  Stalker x4  
  61  9:20  Dark Shrine  
  61  9:22  Gateway  
  58  9:28  Gateway  
  58  9:30  Gateway  
  51  9:32  Gateway x2  
  51  9:37  Pylon  
  36  10:14  Probe (Chrono Boost)  
  37  10:25  Probe (Chrono Boost)  
  38  10:29  Probe (Chrono Boost)  
  38  10:33  Dark Templar  
  38  10:34  Dark Templar x4  
  38  10:35  Dark Templar x2  
  53  10:38  Zealot  
  53  10:39  Zealot  
  53  10:40  Probe  
  57  10:53  Probe  
  58  11:01  Cybernetics Core  
  58  11:08  Dark Templar x2  
  58  11:10  Dark Templar  
  64  11:12  Zealot x3  
  64  11:13  Zealot x3  
  60  11:29  Dark Shrine  
  55  11:34  Cybernetics Core  
  55  11:38  Gateway  
  55  11:43  Gateway  
  55  11:53  Gateway x2  
  47  11:57  Gateway  
  47  11:59  Gateway  
  43  12:08  Pylon  
Tags
 
Matchup
PvT
Replay Pack
Multiplayer
Spawn Locations
Cross Positions
Add a new tag
Caveats
  • Supply blocks, unpowered buildings, or Contaminate may cause inaccurate times.
  • Supply counts are checked every 10 seconds.